Map: Fracture EC

Players

Anatom

  • Race: Terran Terran
  • League: Gold
  • Spawn Location: 5:00

Oxwaa - Winner!

  • Race: Terran Terran
  • League: Gold
  • Spawn Location: 11:00

VOD

Have the link to the VOD?

Description

The strategy for this build order is to assault the enemies with 2 cyclones and product continusly to find the victrory in few seconds after 4 minutes

Time

  • Played on: Nov. 4, 2018, 10:34 a.m.
  • Length: 4:13
Show
View Real Time Build Order
Export as new Build Order

Anatom Terran 

Build Orders: Command Center First (CC) 

Get SALT Encoding   

  12  0:27  SCV  
  13  0:35  Supply Depot  
  13  0:39  SCV  
  14  0:52  SCV  
  15  0:58  Engineering Bay  
  15  1:08  Command Center  
  15  1:09  SCV  
  16  1:18  Engineering Bay  
  16  1:26  Refinery  
  16  1:28  SCV  
  17  1:46  Supply Depot  
  17  1:52  SCV  
  18  2:05  SCV  
  19  2:16  Refinery  
  19  2:17  SCV  
  20  2:29  SCV  
  21  2:35  Barracks  
  21  2:41  SCV  
  22  2:53  SCV  
  23  3:05  SCV  
  23  3:23  Barracks, Factory  
  23  3:24  Barracks Tech Lab  
  23  3:31  Planetary Fortress  
  23  3:43  Marine  
  25  4:07  Bunker  
Show
View Real Time Build Order
Export as new Build Order

Oxwaa Terran - Winner!

Build Orders: Cyclone Opening 

Get SALT Encoding   

  12  0:03  SCV  
  13  0:15  SCV  
  13  0:19  Supply Depot  
  14  0:28  SCV  
  15  0:31  Refinery  
  15  0:40  SCV  
  16  0:47  Barracks  
  16  0:52  SCV  
  17  0:59  Refinery  
  17  1:04  SCV  
  18  1:16  SCV  
  19  1:33  Orbital Command  
  19  1:35  Factory  
  19  1:45  Barracks Reactor  
  19  1:59  SCV  
  20  2:09  Supply Depot  
  20  2:11  SCV  
  21  2:21  Supply Depot  
  21  2:29  Reaper  
  22  2:31  Cyclone x2  
  22  2:36  SCV  
  29  2:48  Supply Depot  
  29  3:15  SCV  
  29  3:17  Cyclone x2  
  36  3:55  Command Center  
Tags
 
Add a new tag
Caveats
  • Supply blocks, unpowered buildings, or Contaminate may cause inaccurate times.
  • Supply counts are checked every 10 seconds.